AoeStats
← FC_M@sTer

Arabia

509772042Analyzed
1v1 RM · 5d ago on Sep 28, 2026· 33m 46s· 2 players
Game mode
Random Map
Map size
Tiny (2 player)
Population
200
Speed
Normal
Resources
Standard
Victory
Conquest
Starting age
Dark Age
Ending age
Imperial Age
RankedLock teamsTeams togetherTeam positionsShared explorationLock speedFull tech treeHidden civsTurbo modeCheats
Victory
Defeat
🇨🇴 Spanish · Colombia
1571
+18
🇦🇷 Turks · Argentina
1610
-18
FC_M@sTer
4:34 Loom
11:21 Feudal Age
17:37 Castle Age
25:40 Padded Archer Armor
AKEngineer
0:25 Loom
10:47 Feudal Age
13:06 Double-Bit Axe
21:27 Castle Age
19:44 Gold Mining
21:07 Fletching
22:20 Bodkin Arrow
22:25 Padded Archer Armor
23:03 Crossbowman
27:19 Ballistics
Connection lost

Rejoining the realm…

Still unreachable

The connection could not be restored.

Session expired

The server has moved on; the page needs a fresh start.